 Dungeon Crawl Stone Soup version 0.28-a0-1395-g4f6bc678fa (webtiles) character file.

Game seed: 18076939794574207209

14696 flotson the Skirmisher (level 11, -2/129 HPs)
             Began as a Demonspawn Gladiator on Jan 5, 2022.
             Was an Initiate of Gozag.
             Slain by a war gargoyle (16 damage)
             ... on level 10 of the Dungeon.
             The game lasted 00:22:57 (15495 turns).

flotson the Skirmisher (Demonspawn Gladiator)      Turns: 15495, Time: 00:22:58

Health: -2/129     AC: 22    Str: 25    XL:     11   Next: 92%
Magic:  6/11       EV:  3    Int: 10    God:    Gozag
Gold:   1096       SH: 24    Dex: 14    Spells: 10/10 levels left

rFire   . . .      SeeInvis +   a - +10 spear of Mucku {vorpal, Stlth+}
rCold   . . .      Faith    .   p - +0 tower shield
rNeg    . . .      Spirit   .   H - +0 crystal plate armour
rPois   .          Reflect  .   c - +0 helmet
rElec   .          Harm     .   E - scarf {+Inv}
rCorr   .          Rampage  .   I - +0 pair of gloves {infuse}
Will    .....                   J - +0 pair of boots
Stlth   ..........              (no amulet)
HPRegen 0.31/turn               L - ring of see invisible
MPRegen 0.12/turn               D - +6 ring of strength

@: berserking, hasted, very quick
A: large bone plates 2, powered by death 2, condensation shield, demonic touch 1
a: Renounce Religion, Evoke Invisibility, Potion Petition, Call Merchant, Bribe
Branch


You were on level 10 of the Dungeon.
You worshipped Gozag.
Gozag was most pleased with you.
You visited 1 branch of the dungeon, and saw 10 of its levels.

You collected 1614 gold pieces.
You spent 386 gold pieces at shops.
You paid 132 gold pieces to Gozag.

Inventory:

Hand Weapons
 a - the +10 spear of Mucku (weapon) {vorpal, Stlth+}
   (You found it on level 10 of the Dungeon)

   It inflicts extra damage upon your enemies.
   Stlth:     It makes you more stealthy.
 b - a +0 broad axe
Missiles
 d - 4 throwing nets
 o - 59 poisoned darts (quivered)
 K - 2 curare-tipped darts
Armour
 c - a +0 helmet (worn)
 p - a +0 tower shield (worn)
 w - a +1 leather armour of fire resistance
 x - an orb of mayhem
 E - a scarf of invisibility (worn)
 H - a +0 crystal plate armour (worn)
 I - a +0 pair of gloves of infusion (worn)
 J - a +0 pair of boots (worn)
Jewellery
 A - a ring of resist corrosion
 D - a +6 ring of strength (right hand)
 L - a ring of see invisible (left hand)
 M - a ring of poison resistance
Wands
 v - a wand of acid (8)
 F - a wand of polymorph (10)
Scrolls
 f - 5 scrolls of fog
 h - a scroll of enchant weapon {unknown}
 k - 3 scrolls of immolation
 m - 8 scrolls of teleportation
 n - 3 scrolls of magic mapping {unknown}
 t - 2 scrolls of fear {unknown}
 y - a scroll of vulnerability {unknown}
 C - 3 scrolls of amnesia {unknown}
 G - a scroll of blinking {unknown}
Potions
 e - a potion of haste
 g - 2 potions of flight
 i - a potion of berserk rage
 j - a potion of attraction
 l - a potion of brilliance {unknown}
 q - 2 potions of lignification
 s - 2 potions of might
 z - 2 potions of mutation


   Skills:
 + Level 7.8 Fighting
 + Level 7.3 Axes
 + Level 7.0 Throwing
 + Level 6.8 Armour
 + Level 7.4 Dodging
 + Level 6.5 Shields
 + Level 7.1 Evocations


You had 10 spell levels left.
You didn't know any spells.
Your spell library contained the following spells:

 Spells                   Type           Power      Damage    Failure   Level
 Magic Dart               Conj           0%         1d3       100%        1
 Summon Small Mammal      Summ           0%         N/A       100%        1
 Ensorcelled Hibernation  Hex/Ice        0%         N/A       100%        2
 Searing Ray              Conj           0%         2d4       100%        2
 Call Canine Familiar     Summ           0%         N/A       100%        3
 Gell's Gravitas          Tloc           0%         N/A       100%        3
 Lesser Beckoning         Tloc           0%         N/A       100%        3
 Spider Form              Tmut/Pois      0%         N/A       100%        3
 Summon Guardian Golem    Hex/Summ       0%         N/A       100%        3
 Teleport Other           Tloc           0%         N/A       100%        3
 Animate Dead             Necr           0%         N/A       100%        4
 Fulminant Prism          Conj/Hex       0%         3d6       100%        4
 Haunt                    Necr/Summ      0%         N/A       100%        7
 Infestation              Necr           0%         N/A       100%        8


Dungeon Overview and Level Annotations

Branches:
Dungeon (10/15)            Temple (0/1) D:7            Lair (0/6) D:8
    Orc: D:9-12

Altars:
Fedhas
Gozag
Hepliaklqana
Kikubaaqudgha
Makhleb
Okawaru
Sif Muna
Uskayaw
Vehumet
Yredelemnul

Shops:
D:5 :   D:7 [   D:8 *

Annotations:
Abyss:1 Blork the orc, Menkaure


Innate Abilities, Weirdness & Mutations

You are mostly covered in large bone plates. (SH +6)
You regenerate health from kills.
A meltable shield of frost defends you. (SH +4)
Your touch may inflict minor irresistible damage on your foes.


Message History

The war gargoyle launches metal splinters at you.
The spray of metal splinters hits you but does no damage.
You barely miss the war gargoyle.
The war gargoyle is moderately damaged.
You block the war gargoyle's attack.
The war gargoyle hits you but does no damage.
You hit the war gargoyle but do no damage.
The war gargoyle is moderately damaged.
The war gargoyle hits you with a +0 morningstar!
You block the war gargoyle's attack.
You hit the war gargoyle.
The war gargoyle is moderately damaged.
The war gargoyle hits you with a +0 morningstar!
The war gargoyle launches metal splinters at you.
The spray of metal splinters hits you!!
* * * LOW HITPOINT WARNING * * *
You hit the war gargoyle.
The war gargoyle is moderately damaged.
You block the war gargoyle's attack. x2
You feel yourself speed up.
The war gargoyle launches metal splinters at you.
The spray of metal splinters hits you!
* * * LOW HITPOINT WARNING * * *
Unknown command.
Okay, then.
A red film seems to cover your vision as you go berserk!
You feel yourself moving faster!
You feel mighty!
The war gargoyle is no longer covered in acid.
The war gargoyle hits you with a +0 morningstar.
* * * LOW HITPOINT WARNING * * *
You puncture the war gargoyle!
The war gargoyle is heavily damaged.
You block the war gargoyle's attack.
You hit the war gargoyle.
The war gargoyle is heavily damaged.
The war gargoyle hits you with a +0 morningstar.
* * * LOW HITPOINT WARNING * * *
The war gargoyle hits you with a +0 morningstar!
You die...
Your body crumbles into a pile of gold.

..# #..#.♣l######.O'.♣ #....#..
..# #..#).o9....####.. #....#..
..# #..########.########....###
..#####..# ....♣♣..[.♣♣ #.......
.........# ....♣..♣♣.♣♣♣#.......
.........# ♣....⌠♣♣..♣.#.......
.........# ♣♣....♣.♣♣.♣#.......
>........# ♣.9.).♣♣♣♣♣#.......
.........#######@..#######.......
.................................
.................................
..........................#######
....##########............# #####
############## # #


You could see a war gargoyle.

Vanquished Creatures
  5 two-headed ogres
  A death yak (D:8)
  2 cyclopes
  A deep elf pyromancer (D:10)
  A manticore (D:10)
  2 unseen horrors (D:10)
  A komodo dragon (D:8)
  A troll (D:9)
  A wyvern (D:10)
  4 yaks
  2 wraiths
  2 steam dragons
  Edmund (D:4)
  Duvessa (D:4)
  A water moccasin (D:7)
  6 orc warriors
  3 black bears
  4 ice beasts
  A necrophage (D:6)
  A hornet zombie (D:5)
  5 centaurs
  4 ogres
  3 phantoms
  2 kobold brigands (D:8)
  2 bullfrogs (D:8)
  7 gnoll sergeants
  Dowan (D:4)
  2 howler monkeys (D:8)
  3 centaur zombies
  A jelly (D:8)
  6 hounds
  A centaur skeleton (D:7)
  4 gnoll shamans
  A bullfrog skeleton (D:5)
  9 orc priests
  7 iguanas
  6 orc wizards
  2 hell rats
  2 killer bee zombies
  A howler monkey zombie (D:8)
  35 gnolls
  A howler monkey skeleton (D:6)
  10 adders
  2 river rats (D:8)
  An adder zombie (D:5)
  4 worms
  2 dart slugs
  28 orcs
  8 bats
  7 endoplasms
  4 goblins
  5 hobgoblins
  3 jackals
  7 quokkas
  10 ball pythons
  5 frilled lizards
  7 kobolds
  9 rats
258 creatures vanquished.

Vanquished Creatures (others)
  A yak (D:10)
  A rat (D:8)
  15 plants
17 creatures vanquished.

Grand Total: 275 creatures vanquished

Notes
Turn   | Place    | Note
-------+----------+-------------------------------------------
     0 | D:1      | flotson the Demonspawn Gladiator began the quest for the
                  | Orb.
     0 | D:1      | Reached XP level 1. HP: 16/16 MP: 1/1
   499 | D:1      | Gained mutation: You regenerate a little health from kills.
                  | [demonic ancestry]
   499 | D:1      | Reached XP level 2. HP: 22/22 MP: 2/2
   563 | D:1      | Found a faded altar of an unknown god.
   977 | D:2      | Gained mutation: You regenerate health from kills. [demonic
                  | ancestry]
   977 | D:2      | Reached XP level 3. HP: 28/28 MP: 3/3
  1055 | D:2      | Reached skill level 1 in Armour
  1400 | D:2      | Found a burning altar of Makhleb.
  1760 | D:3      | Found a basalt altar of Yredelemnul.
  1760 | D:3      | Found an iron altar of Okawaru.
  1761 | D:3      | Found a hide-covered altar of Uskayaw.
  1775 | D:3      | Found a basalt altar of Yredelemnul.
  1957 | D:3      | Reached XP level 4. HP: 30/34 MP: 4/4
  2072 | D:3      | Found a radiant altar of Vehumet.
  2721 | D:4      | Noticed Edmund
  2729 | D:4      | Killed Edmund
  2730 | D:4      | Reached skill level 1 in Shields
  2730 | D:4      | Reached XP level 5. HP: 21/40 MP: 5/5
  2888 | D:4      | Noticed a black bear
  2907 | D:4      | Killed a black bear
  2908 | D:4      | Reached skill level 1 in Evocations
  2908 | D:4      | Reached XP level 6. HP: 23/47 MP: 6/6
  3368 | D:4      | Gained mutation: Your touch may inflict minor irresistible
                  | damage on your foes. [demonic ancestry]
  3368 | D:4      | Reached XP level 7. HP: 11/52 MP: 7/7
  3772 | D:4      | Noticed Menkaure
  3777 | D:4      | Banished Menkaure
  3970 | D:4      | Noticed Duvessa
  3983 | D:4      | Killed Duvessa
  3983 | D:4      | Noticed Dowan
  3987 | D:4      | Killed Dowan
  4296 | D:4      | Noticed Blork the orc
  4312 | D:4      | Banished Blork the orc
  4506 | D:4      | Gained mutation: You are partially covered in large bone
                  | plates. (SH +4) [demonic ancestry]
  4506 | D:4      | Reached XP level 8. HP: 59/60 MP: 8/8
  4779 | D:4      | Found a blossoming altar of Fedhas.
  4783 | D:4      | Found an ancient bone altar of Kikubaaqudgha.
  4979 | D:5      | Entered Level 5 of the Dungeon
  5791 | D:5      | Found Masakk's Book Boutique.
  6209 | D:5      | Reached skill level 5 in Dodging
  6209 | D:5      | Gained mutation: A meltable shield of frost defends you.
                  | (SH +4) [demonic ancestry]
  6209 | D:5      | Reached XP level 9. HP: 33/67 MP: 9/9
  6530 | D:6      | Found a burning altar of Makhleb.
  6550 | D:6      | Reached skill level 5 in Axes
  6595 | D:6      | Reached skill level 5 in Fighting
  7002 | D:6      | Found a shimmering blue altar of Sif Muna.
  7003 | D:6      | Found a hazy altar of Hepliaklqana.
  7093 | D:7      | Found Peutasip's Armour Shoppe.
  7293 | D:7      | Bought a +0 pair of gloves of infusion for 184 gold pieces
  7293 | D:7      | Bought a +0 pair of boots for 72 gold pieces
  7582 | D:7      | Found an opulent altar of Gozag.
  7590 | D:7      | Became a worshipper of Gozag Ym Sagoz the Greedy
  7629 | D:7      | Found a staircase to the Ecumenical Temple.
  7921 | D:8      | Noticed a death yak
  7964 | D:8      | Reached skill level 5 in Throwing
  8417 | D:8      | Reached skill level 5 in Evocations
  8426 | D:8      | Noticed a two-headed ogre
  8643 | D:8      | Noticed a cyclops
  8654 | D:8      | Noticed a death yak
  8658 | D:8      | Gained mutation: You are mostly covered in large bone
                  | plates. (SH +6) [demonic ancestry]
  8658 | D:8      | Reached XP level 10. HP: 72/76 MP: 6/10
  8670 | D:8      | Killed a cyclops
  8681 | D:7      | Banished a death yak
  8682 | D:7      | Reached skill level 5 in Armour
  8799 | D:8      | Noticed a death yak
  8809 | D:7      | Reached skill level 5 in Shields
  8866 | D:7      | Killed a two-headed ogre
  9068 | D:8      | Noticed a two-headed ogre
  9076 | D:7      | Killed a two-headed ogre
  9364 | D:8      | Found a staircase to the Lair.
 10362 | D:8      | Reached XP level 11. HP: 83/83 MP: 5/11
 11143 | D:7      | Banished a death yak
 11338 | D:8      | Found Mufumad's Assorted Antiques.
 11381 | D:8      | Bought a scroll labelled XACIYMA IRHAYS for 26 gold pieces
 11381 | D:8      | Bought a scroll labelled RYC WOINEITWI for 26 gold pieces
 11381 | D:8      | Bought a scroll labelled XACIYMA IRHAYS for 26 gold pieces
 11381 | D:8      | Bought a scroll labelled XACIYMA IRHAYS for 26 gold pieces
 11381 | D:8      | Bought a scroll labelled FEG ETIRUK for 26 gold pieces
 11624 | D:9      | Noticed a two-headed ogre
 11783 | D:8      | Killed a death yak
 12794 | D:9      | Killed a two-headed ogre
 13357 | D:10     | Entered Level 10 of the Dungeon
 13362 | D:10     | Identified the +10 spear of Mucku {vorpal, Stlth+}
 13998 | D:10     | Noticed a two-headed ogre
 14007 | D:10     | Killed a two-headed ogre
 14128 | D:10     | Noticed a two-headed ogre
 14136 | D:10     | Killed a two-headed ogre
 14376 | D:10     | Noticed a deep elf pyromancer
 14376 | D:10     | Noticed a war gargoyle
 14718 | D:10     | Killed a deep elf pyromancer
 15186 | D:10     | Noticed a two-headed ogre
 15187 | D:10     | Noticed an ettin
 15495 | D:10     | Slain by a war gargoyle

Illustrated notes

Levels and vault maps discovered:
D:1:      saegor_arrival_simple_a, layout_loops_ring,
          ebering_ecumenical_altar_mist
D:2:      layout_loops_ring, basic_altar
D:3:      layout_loops_corners, nicolae_overflow_quartered_altars,
          corexii_corridor_pit, kennysheep_flooded_box
D:4:      minmay_chambers_of_twos, layout_basic,
          grunt_temple_overflow_growth_and_decay, guppyfry_early_lair_pool,
          uniq_menkaure, uniq_blork_the_orc, uniq_duvessa, uniq_edmund
D:5:      layout_basic, serial_shops, nicolae_shop_advertising_works
          [nicolae_subvault_shop_adworks], grunt_ministairs_11,
          minmay_misc_feat_diagonals, minivault_19, st_stairs_14,
          hangedman_minor_gate_pass
D:6:      layout_loops_ring, bloody_makhleb, mainiacjoe_overflow_divided_tiny
D:7:      layout_gridville, lemuel_crystal_altar, minmay_temple_entry_hall,
          serial_shops, shop_fountains, serial_rivers,
          chequers_serial_rivers_small_b, chequers_serial_rivers_micro_c,
          chequers_serial_rivers_small_a, chequers_serial_rivers_micro_b,
          chequers_serial_rivers_small_b
D:8:      minmay_bloctagon, layout_cave_pools, dpeg_lair_monsters,
          serial_gnoll_camp, gnoll_camp_mini_shop, gnoll_camp_mini_house,
          gnoll_camp_huts_basic, gnoll_camp_mini_house, minmay_lizard_king
D:9:      layout_layer_cave
D:10:     nzn_winding_woodlands_small [nzn_winding_woodlands_5x15_zeroes,
          nzn_winding_woodlands_center_lodge,
          nzn_winding_woodlands_5x15_crooked], layout_irregular_city,
          minmay_misc_feat_doors

Skill      XL: |  1  2  3  4  5  6  7  8  9 10 11 |
---------------+----------------------------------+-----
Throwing       | 2 3 4 5 6 7 |  7.0
Dodging        | 3 4 5 6 7 |  7.4
Axes           | 3 4 5 6 7 |  7.3
Armour         | 1 2 3 4 5 6 |  6.8
Shields        | 1 2 3 4 5 6 |  6.5
Fighting       | 3 4 5 6 7 |  7.8
Evocations     | 1 2 3 5 6 7 |  7.1

Action                   |  1- 3 |  4- 6 |  7- 9 | 10-12 || total
-------------------------+-------+-------+-------+-------++-------
Melee: War axe           |    31 |       |       |       ||    31
       Hand axe          |    60 |    24 |       |       ||    84
       Dagger            |       |    64 |   484 |   383 ||   931
       Spear             |       |       |       |   131 ||   131
Throw: Throwing net      |       |       |     1 |       ||     1
       Dart              |       |       |     4 |    15 ||    19
Evoke: Wand              |       |       |     3 |     1 ||     4
  Use: Scroll            |       |       |       |    14 ||    14
       Potion            |       |       |       |     3 ||     3
 Stab: Sleeping          |     1 |     1 |       |       ||     2
       Distracted        |       |       |       |     3 ||     3
Armor: Leather armour    |    41 |    22 |    24 |       ||    87
       Ring mail         |       |       |    48 |       ||    48
       Crystal plate arm |       |       |    91 |   260 ||   351
Dodge: Dodged            |    70 |    24 |    88 |    36 ||   218
Block: Tower shield      |     8 |    52 |   474 |   715 ||  1249

Table legend: (Time is in decaauts)
 A = Elapsed time spent in this place.
 B = Non-inter-level travel time spent in this place.
 C = Inter-level travel time spent in this place.
 D = Time resting spent in this place.
 E = Time spent auto-exploring this place.
 F = Levels seen in this place.
 G = Mean time per level.
                   A        B        C        D        E       F      G
               +--------+--------+--------+--------+--------+-----+--------+
         Total |  15982 |  15472 |    510 |   1744 |  10430 |  10 | 1598.2 |
       Dungeon |  15982 |  15472 |    510 |   1744 |  10430 |  10 | 1598.2 |
               +--------+--------+--------+--------+--------+-----+--------+

Top non-repeatable levels by time:
     D:8: 2597 daAuts
     D:7: 2403 daAuts
     D:4: 2146 daAuts
     D:9: 1914 daAuts
    D:10: 1770 daAuts
     D:5: 1500 daAuts
     D:3: 1254 daAuts
     D:1: 945 daAuts
     D:2: 777 daAuts
     D:6: 671 daAuts
